Map: [ESL] Blackburn

Players

Zest

  • Race: Protoss Protoss

Lambo - Winner!

  • Race: Zerg Zerg

Event: IEM Katowice 2022

VOD

Have the link to the VOD?

Description

Time

  • Played on: Feb. 25, 2022, 10:23 a.m.
  • Length: 9:37

All games in this series

Show
View Real Time Build Order
Export as new Build Order

Zest Protoss 

Build Orders: 1 Gate Expand, Oracle Opening 

Get SALT Encoding   

  12  0:00  Probe  
  13  0:12  Probe  
  14  0:19  Pylon  
  14  0:24  Probe  
  15  0:37  Probe (Chrono Boost)  
  15  0:40  Gateway  
  16  0:47  Probe (Chrono Boost)  
  16  0:49  Assimilator  
  17  0:52  Probe (Chrono Boost)  
  18  1:04  Probe  
  19  1:16  Probe  
  20  1:26  Nexus  
  20  1:36  Cybernetics Core  
  20  1:39  Probe  
  21  1:44  Assimilator  
  21  1:51  Probe  
  22  1:55  Pylon  
  22  2:04  Probe (Chrono Boost)  
  23  2:13  Adept  
  26  2:16  Probe (Chrono Boost)  
  26  2:20  Stargate  
  26  2:21  Probe (Chrono Boost)  
  27  2:25  Warp Gate  
  27  2:32  Probe (Chrono Boost)  
  28  2:38  Probe (Chrono Boost)  
  28  2:43  Adept  
  32  2:47  Probe (Chrono Boost)  
  32  2:48  Probe (Chrono Boost)  
  33  2:53  Probe (Chrono Boost)  
  33  2:54  Probe, Void Ray (Chrono Boost)  
  35  3:05  Probe  
  40  3:06  Probe  
  40  3:10  Pylon  
  41  3:17  Probe  
  41  3:18  Probe  
  43  3:20  Gateway  
  43  3:27  Oracle (Chrono Boost)  
  43  3:29  Probe  
  43  3:33  Probe  
  48  3:41  Probe  
  48  3:45  Probe  
  50  3:52  Nexus  
  50  3:53  Pylon  
  50  3:57  Probe x2  
  50  4:01  Assimilator  
  52  4:03  Assimilator  
  52  4:09  Probe x2  
  54  4:20  Protoss Air Weapons Level 1  
  54  4:21  Probe (Chrono Boost)  
  54  4:22  Probe (Chrono Boost)  
  56  4:24  Stargate  
  56  4:26  Pylon  
  56  4:28  Void Ray  
  58  4:31  Forge  
  58  4:32  Probe x2 (Chrono Boost)  
  62  4:44  Pylon, Probe x2  
  64  4:53  Shield Battery  
  64  4:56  Probe x2  
  66  5:02  Void Ray (Chrono Boost)  
  66  5:03  Void Ray (Chrono Boost)  
  66  5:04  Pylon, Probe  
  67  5:08  Probe x2  
  77  5:16  Probe  
  78  5:21  Shield Battery  
  78  5:24  Photon Cannon  
  78  5:26  Gateway  
  78  5:27  Gateway  
  78  5:30  Probe x2  
  78  5:32  Probe  
  81  5:41  Pylon  
  81  5:42  Probe, Assimilator  
  82  5:44  Probe  
  82  5:46  Probe  
  84  5:51  Stargate  
  84  5:52  Fleet Beacon  
  84  5:54  Probe  
  84  5:56  Probe  
  86  6:00  Probe  
  86  6:01  Assimilator  
  86  6:03  Pylon  
  85  6:11  Nexus  
  85  6:14  Pylon  
  84  6:20  Shield Battery  
  84  6:22  Shield Battery  
  84  6:26  Void Ray (Chrono Boost)  
  84  6:27  Void Ray (Chrono Boost)  
  84  6:29  Photon Cannon  
  84  6:30  Photon Cannon  
  92  6:38  Void Ray (Chrono Boost)  
  96  6:40  Flux Vanes  
  96  6:43  Photon Cannon  
  96  6:46  Shield Battery  
  96  6:51  Shield Battery  
  96  6:55  Void Ray (Chrono Boost)  
  96  6:57  Shield Battery  
  96  7:01  Stalker x2  
  104  7:02  Void Ray (Chrono Boost)  
  104  7:07  Void Ray (Chrono Boost)  
  108  7:18  Shield Battery  
  108  7:20  Void Ray (Chrono Boost)  
  104  7:27  Zealot x2  
  111  7:41  Void Ray (Chrono Boost)  
  106  7:48  Photon Cannon  
  106  7:49  Photon Cannon  
  106  7:51  Void Ray (Chrono Boost)  
  93  7:55  Void Ray (Chrono Boost)  
  93  7:56  Pylon  
  93  7:58  Sentry x2, Zealot x2  
  97  8:11  Pylon  
  93  8:26  Shield Battery  
  93  8:29  Carrier (Chrono Boost)  
  98  8:45  Photon Cannon  
  98  8:47  Pylon  
  98  8:55  Shield Battery  
  100  8:56  Zealot  
  100  9:02  Zealot  
  86  9:22  Stalker x3  
Show
View Real Time Build Order
Export as new Build Order

Lambo Zerg - Winner!

Build Orders: Hatch First 

Get SALT Encoding   

  12  0:00  Drone  
  13  0:12  Overlord  
  13  0:16  Drone  
  14  0:30  Drone x2  
  14  0:33  Drone  
  17  0:51  Hatchery  
  17  0:54  Drone  
  17  0:57  Drone  
  18  1:07  Extractor  
  17  1:12  Spawning Pool  
  17  1:15  Drone  
  17  1:19  Drone  
  18  1:28  Drone  
  19  1:38  Drone  
  20  1:49  Overlord  
  20  1:58  Queen  
  22  2:02  Queen  
  22  2:03  Drone, Zergling x2  
  26  2:12  Drone  
  26  2:13  Metabolic Boost  
  26  2:14  Drone  
  28  2:21  Drone  
  29  2:26  Drone  
  30  2:35  Hatchery  
  29  2:40  Drone  
  30  2:46  Drone, Overlord  
  30  2:48  Drone  
  32  2:53  Queen  
  34  2:59  Zergling x2  
  34  3:01  Drone  
  36  3:06  Queen  
  36  3:08  Overlord  
  36  3:11  Drone  
  39  3:14  Drone  
  39  3:15  Drone  
  39  3:16  Drone  
  39  3:19  Zergling x2  
  43  3:22  Overlord  
  43  3:27  Zergling x2  
  43  3:28  Drone  
  43  3:32  Queen  
  47  3:36  Drone  
  47  3:38  Drone  
  49  3:41  Overlord  
  49  3:43  Drone x2  
  51  3:48  Drone x2  
  51  3:51  Spore Crawler  
  51  3:54  Queen  
  54  4:00  Drone x3  
  57  4:03  Spore Crawler, Drone  
  57  4:05  Drone  
  58  4:11  Drone x3  
  60  4:18  Drone x2  
  60  4:19  Drone x2  
  64  4:24  Overlord  
  64  4:25  Drone  
  65  4:32  Overlord  
  65  4:35  Roach Warren  
  65  4:38  Overlord  
  64  4:40  Drone x2, Extractor  
  64  4:41  Extractor  
  64  4:42  Queen  
  64  4:44  Drone  
  64  4:45  Drone x3  
  70  4:51  Drone  
  71  4:53  Drone  
  71  4:57  Drone x4  
  71  4:58  Queen x2  
  80  5:01  Overlord  
  80  5:03  Drone x2  
  82  5:13  Extractor  
  81  5:14  Hatchery, Extractor  
  81  5:16  Drone x4  
  81  5:21  Drone x3  
  85  5:23  Extractor  
  85  5:25  Drone  
  85  5:26  Drone x2  
  88  5:28  Overlord  
  88  5:30  Overlord  
  88  5:33  Overlord  
  88  5:43  Queen x2  
  88  5:47  Spore Crawler  
  88  5:48  Roach  
  88  5:49  Roach x2  
  97  5:55  Roach x4  
  107  5:57  Roach  
  107  6:01  Roach  
  107  6:02  Roach x2  
  113  6:08  Roach  
  113  6:09  Overlord, Roach x2  
  119  6:16  Roach  
  122  6:18  Ravager  
  122  6:19  Overlord  
  122  6:23  Overlord  
  122  6:25  Queen  
  122  6:26  Ravager x3  
  122  6:27  Ravager  
  122  6:28  Roach x3  
  122  6:30  Ravager  
  122  6:31  Ravager  
  122  6:32  Overlord  
  136  6:35  Lair  
  136  6:37  Zergling x2  
  136  6:38  Ravager x2  
  136  6:39  Ravager  
  140  6:40  Zergling x6  
  140  6:41  Ravager  
  140  6:43  Zergling x4  
  140  6:45  Zergling x2  
  140  6:46  Zergling x4  
  149  6:47  Zergling x2  
  149  6:50  Ravager  
  149  6:51  Zergling x4  
  149  6:52  Zergling x2  
  149  6:53  Zergling x4  
  156  6:58  Zergling x8  
  156  7:00  Overlord  
  158  7:09  Zergling x4  
  158  7:19  Zergling x10  
  152  7:27  Queen, Ravager  
  152  7:28  Queen x2, Ravager  
  155  7:30  Drone x7  
  160  7:41  Zergling x2  
  160  7:42  Queen  
  154  7:46  Hydralisk Den  
  153  7:53  Spore Crawler  
  153  7:54  Spore Crawler  
  153  7:57  Spore Crawler  
  149  8:01  Drone  
  149  8:02  Drone x2  
  149  8:03  Queen  
  149  8:04  Queen x2  
  153  8:10  Drone x6  
  158  8:15  Evolution Chamber  
  158  8:18  Queen  
  159  8:24  Grooved Spines  
  153  8:29  Hydralisk x7  
  153  8:33  Extractor x2  
  165  8:38  Hydralisk  
  165  8:40  Overlord  
  167  8:46  Overlord  
  167  8:48  Queen  
  166  8:49  Queen x2  
  162  8:58  Hydralisk x9  
  168  9:04  Hydralisk x3  
  164  9:11  Hydralisk x4  

Tags
 
Add a new tag
Caveats
  • Supply blocks, unpowered buildings, or Contaminate may cause inaccurate times.
  • Supply counts are checked every 10 seconds.